Workbook

Sheet Devis
K2: collage | L2: 60 | N2: =M2*L2 -> 0 | P2: Heure atelier | Q2: =SUM(M2:M7) -> 0 | R2: =SUM(M2:M7) -> 0 | S2: =R2*Q2 -> 0
C3: Client | F3: Prix 1 | K3: usinage | L3: 80 | N3: =M3*L3 -> 0 | P3: BE | Q3: 0 | S3: =R3*Q3 -> 0
C4: Ouvrage | F4: Total HT | H4: =SUM($R:$R) -> 14 | K4: montage | L4: 60 | N4: =M4*L4 -> 0 | P4: Mise à plat | Q4: 0 | S4: =R4*Q4 -> 0
C5: TVA | D5: 0.2 | F5: Total TTC | H5: =SUM($S:$S) -> 0 | K5: Laque | L5: 60 | N5: =M5*L5 -> 0 | P5: Programmation | Q5: 0 | S5: =R5*Q5 -> 0
C6: date | K6: re-montage | L6: 60 | N6: =M6*L6 -> 0 | U6: Total heure
C7: Marge | D7: 0 | K7: emballage | L7: 30 | N7: =M7*L7 -> 0 | P7: Pose 1 | Q7: 60 | S7: =R7*Q7 -> 0 | U7: =SUM(R2:R8) -> 0
D8: 0 | P8: Pose 2 | Q8: 60 | S8: =R8*Q8 -> 0
B10: Désignation | C10: fournisseur | D10: Détails | E10: code article | F10: longueur | G10: largeur | H10: epaisseur | I10: prix HT | J10: Quantité | K10: Volume | L10: Coefficient de perte | M10: Volume Cfté | N10: Sous total | O10: Coefficient de vente | P10: Prix de vente | Q10: Total HT | R10: Total TTC
B11: MP | F11: 1 | G11: 1 | H11: 1 | I11: 10 | J11: 1 | K11: =F11*G11*H11*J11 -> 1 | L11: 0.1 | M11: =(K11*L11)+K11 -> 1.1 | N11: =M11*I11 -> 11 | O11: 0.1 | P11: =(N11*O11)+N11 -> 12.1 | R11: =ROUNDUP(((($D$5*Q11)/100)+Q11),0) -> 0
R12: =ROUNDUP(((($D$5*Q12)/100)+Q12),0) -> 0
R13: =ROUNDUP(((($D$5*Q13)/100)+Q13),0) -> 0
R14: =ROUNDUP(((($D$5*Q14)/100)+Q14),0) -> 0
R15: =ROUNDUP(((($D$5*Q15)/100)+Q15),0) -> 0
R16: =ROUNDUP(((($D$5*Q16)/100)+Q16),0) -> 0
R17: =ROUNDUP(((($D$5*Q17)/100)+Q17),0) -> 0
R18: =ROUNDUP(((($D$5*Q18)/100)+Q18),0) -> 0
R19: =ROUNDUP(((($D$5*Q19)/100)+Q19),0) -> 0
R20: =ROUNDUP(((($D$5*Q20)/100)+Q20),0) -> 0
Q21: =ROUNDUP(SUM(P11:P20),0) -> 13 | R21: =ROUNDUP(((($D$5*Q21)/100)+Q21),0) -> 14

Sheet Liste
A1: Liste
A4: Désignation | B4: Fournisseur | C4: Détails | D4: code article | E4: longueur | F4: largeur | G4: epaisseur | H4: prix HT | I4: Coefficient de perte | J4: Coefficient de vente | K4: Ordre
A5: MP | B5: Abet laminati | C5: 877 Morbida | E5: 3.05 | F5: 1.3 | G5: 1 | H5: 35 | I5: 0 | J5: =Devis!$D$8 -> 0 | K5: =IF(COUNTIF(A$4:A5,table[[#This Row],[Désignation]])=1,MAX(K$4:K4)+1) -> 1 | N5: =IFERROR(INDEX(table[Désignation],MATCH(ROW()-4,table[Ordre],0)),"") -> MP
A6: MP | B6: Abet laminati | C6: Polaris noir | D6: 2902 | E6: 3.05 | F6: 1.3 | G6: 1 | H6: 24 | I6: 0 | J6: =Devis!$D$8 -> 0 | K6: =IF(COUNTIF(A$4:A6,table[[#This Row],[Désignation]])=1,MAX(K$4:K5)+1) -> FALSE | N6: =IFERROR(INDEX(table[Désignation],MATCH(ROW()-4,table[Ordre],0)),"") -> QU
A7: MP | B7: Abet laminati | C7: Print HPL | E7: 3.05 | F7: 1.3 | G7: 1 | H7: 11.1 | I7: 0 | J7: =Devis!$D$8 -> 0 | K7: =IF(COUNTIF(A$4:A7,table[[#This Row],[Désignation]])=1,MAX(K$4:K6)+1) -> FALSE | N7: =IFERROR(INDEX(table[Désignation],MATCH(ROW()-4,table[Ordre],0)),"") -> EM
A8: QU | B8: Accuride | C8: 100% course 500 mm | D8: 252752 | E8: 1 | F8: 1 | G8: 1 | H8: 17.64 | I8: 0 | J8: =Devis!$D$8 -> 0 | K8: =IF(COUNTIF(A$4:A8,table[[#This Row],[Désignation]])=1,MAX(K$4:K7)+1) -> 2 | N8: =IFERROR(INDEX(table[Désignation],MATCH(ROW()-4,table[Ordre],0)),"") -> MO
A9: QU | B9: Accuride | C9: 100% course 400 mm | D9: 252738 | E9: 1 | F9: 1 | G9: 1 | H9: 14.66 | I9: 0 | J9: =Devis!$D$8 -> 0 | K9: =IF(COUNTIF(A$4:A9,table[[#This Row],[Désignation]])=1,MAX(K$4:K8)+1) -> FALSE | N9: =IFERROR(INDEX(table[Désignation],MATCH(ROW()-4,table[Ordre],0)),"") -> FO
A10: QU | B10: Accuride | C10: Coulisse push lache | D10: 300 mm | E10: 1 | F10: 1 | G10: 1 | H10: 17.52 | I10: 0 | J10: =Devis!$D$8 -> 0 | K10: =IF(COUNTIF(A$4:A10,table[[#This Row],[Désignation]])=1,MAX(K$4:K9)+1) -> FALSE | N10: =IFERROR(INDEX(table[Désignation],MATCH(ROW()-4,table[Ordre],0)),"") -> PE
A11: MP | B11: AJ Timber | C11: Plan de travail chêne 38 mm | D11: PLACHE3006538 | E11: 1 | F11: 1 | G11: 1 | H11: 125.36 | I11: 0 | J11: =Devis!$D$8 -> 0 | K11: =IF(COUNTIF(A$4:A11,table[[#This Row],[Désignation]])=1,MAX(K$4:K10)+1) -> FALSE | N11: =IFERROR(INDEX(table[Désignation],MATCH(ROW()-4,table[Ordre],0)),"")
A12: MP | B12: AJ Timber | C12: Plan de travail hêtre 38 mm | D12: PLAHETRE20006526 | E12: 1 | F12: 1 | G12: 1 | H12: 98.33 | I12: 0 | J12: =Devis!$D$8 -> 0 | K12: =IF(COUNTIF(A$4:A12,table[[#This Row],[Désignation]])=1,MAX(K$4:K11)+1) -> FALSE | N12: =IFERROR(INDEX(table[Désignation],MATCH(ROW()-4,table[Ordre],0)),"")
A13: MP | B13: AJ Timber | C13: CP bouleau 15 mm | D13: B/BB | E13: 2.44 | F13: 1.22 | G13: 1 | H13: 10.45 | I13: 0 | J13: =Devis!$D$8 -> 0 | K13: =IF(COUNTIF(A$4:A13,table[[#This Row],[Désignation]])=1,MAX(K$4:K12)+1) -> FALSE | N13: =IFERROR(INDEX(table[Désignation],MATCH(ROW()-4,table[Ordre],0)),"")
A14: MP | B14: Barillet | C14: Hêtre toute épaisseur | E14: 1 | F14: 1 | G14: 1 | H14: 575 | I14: 0 | J14: =Devis!$D$8 -> 0 | K14: =IF(COUNTIF(A$4:A14,table[[#This Row],[Désignation]])=1,MAX(K$4:K13)+1) -> FALSE | N14: =IFERROR(INDEX(table[Désignation],MATCH(ROW()-4,table[Ordre],0)),"")
A15: MP | B15: Barillet | C15: CP Peuplier 30 mm | D15: ordinaire | E15: 2.5 | F15: 1.22 | G15: 1 | H15: 23.49 | I15: 0 | J15: =Devis!$D$8 -> 0 | K15: =IF(COUNTIF(A$4:A15,table[[#This Row],[Désignation]])=1,MAX(K$4:K14)+1) -> FALSE | N15: =IFERROR(INDEX(table[Désignation],MATCH(ROW()-4,table[Ordre],0)),"")
A16: MP | B16: Barillet | C16: CP bouleau 30 mm | D16: S/BB | E16: 3.1 | F16: 1.53 | G16: 1 | H16: 33.7 | I16: 0 | J16: =Devis!$D$8 -> 0 | K16: =IF(COUNTIF(A$4:A16,table[[#This Row],[Désignation]])=1,MAX(K$4:K15)+1) -> FALSE | N16: =IFERROR(INDEX(table[Désignation],MATCH(ROW()-4,table[Ordre],0)),"")
A17: MP | B17: Barillet | C17: CP bouleau 18 mm | D17: S/BB | E17: 3.1 | F17: 1.53 | G17: 1 | H17: 16.99 | I17: 0 | J17: =Devis!$D$8 -> 0 | K17: =IF(COUNTIF(A$4:A17,table[[#This Row],[Désignation]])=1,MAX(K$4:K16)+1) -> FALSE | N17: =IFERROR(INDEX(table[Désignation],MATCH(ROW()-4,table[Ordre],0)),"")
A18: MP | B18: Barillet | C18: CP bouleau 9 mm | D18: S/BB | E18: 3.1 | F18: 1.53 | G18: 1 | H18: 14.1 | I18: 0 | J18: =Devis!$D$8 -> 0 | K18: =IF(COUNTIF(A$4:A18,table[[#This Row],[Désignation]])=1,MAX(K$4:K17)+1) -> FALSE | N18: =IFERROR(INDEX(table[Désignation],MATCH(ROW()-4,table[Ordre],0)),"")
A19: MP | B19: Barillet | C19: CP peulpier 30 mm | D19: B/BB | E19: 2.5 | F19: 1.22 | G19: 1 | H19: 30.1 | I19: 0 | J19: =Devis!$D$8 -> 0 | K19: =IF(COUNTIF(A$4:A19,table[[#This Row],[Désignation]])=1,MAX(K$4:K18)+1) -> FALSE | N19: =IFERROR(INDEX(table[Désignation],MATCH(ROW()-4,table[Ordre],0)),"")
A20: MP | B20: Barillet | C20: Aggloméré CTBH 38mm | D20: Hydro | E20: 3.06 | F20: 2.07 | G20: 1 | H20: 14.6 | I20: 0 | J20: =Devis!$D$8 -> 0 | K20: =IF(COUNTIF(A$4:A20,table[[#This Row],[Désignation]])=1,MAX(K$4:K19)+1) -> FALSE | N20: =IFERROR(INDEX(table[Désignation],MATCH(ROW()-4,table[Ordre],0)),"")
A21: MP | B21: Barillet | C21: Aggloméré CTBH 30mm | D21: Hydro | E21: 3.06 | F21: 2.07 | G21: 1 | H21: 13.6 | I21: 0 | J21: =Devis!$D$8 -> 0 | K21: =IF(COUNTIF(A$4:A21,table[[#This Row],[Désignation]])=1,MAX(K$4:K20)+1) -> FALSE | N21: =IFERROR(INDEX(table[Désignation],MATCH(ROW()-4,table[Ordre],0)),"")
A22: MP | B22: Barillet | C22: Aggloméré CTBH 22 mm | D22: Hydro | E22: 3.06 | F22: 1.85 | G22: 1 | H22: 6.75 | I22: 0 | J22: =Devis!$D$8 -> 0 | K22: =IF(COUNTIF(A$4:A22,table[[#This Row],[Désignation]])=1,MAX(K$4:K21)+1) -> FALSE | N22: =IFERROR(INDEX(table[Désignation],MATCH(ROW()-4,table[Ordre],0)),"")
A23: MP | B23: Barillet | C23: AggloméréCTBH 19 mm | D23: Hydro | E23: 2.8 | F23: 2.07 | G23: 1 | H23: 6.5 | I23: 0 | J23: =Devis!$D$8 -> 0 | K23: =IF(COUNTIF(A$4:A23,table[[#This Row],[Désignation]])=1,MAX(K$4:K22)+1) -> FALSE | N23: =IFERROR(INDEX(table[Désignation],MATCH(ROW()-4,table[Ordre],0)),"")
A24: MP | B24: Barillet | C24: Aggloméré CTBH 19 mm | D24: Hydro | E24: 3.05 | F24: 1.85 | G24: 1 | H24: 6.98 | I24: 0 | J24: =Devis!$D$8 -> 0 | K24: =IF(COUNTIF(A$4:A24,table[[#This Row],[Désignation]])=1,MAX(K$4:K23)+1) -> FALSE | N24: =IFERROR(INDEX(table[Désignation],MATCH(ROW()-4,table[Ordre],0)),"")
A25: MP | B25: Barillet | C25: Aggloméré 30mm | D25: Standart | E25: 2.8 | F25: 2.07 | G25: 1 | H25: 6.9 | I25: 0 | J25: =Devis!$D$8 -> 0 | K25: =IF(COUNTIF(A$4:A25,table[[#This Row],[Désignation]])=1,MAX(K$4:K24)+1) -> FALSE | N25: =IFERROR(INDEX(table[Désignation],MATCH(ROW()-4,table[Ordre],0)),"")
A26: MP | B26: Barillet | C26: Aggloméré22 mm | D26: Standart | E26: 2.8 | F26: 2.07 | G26: 1 | H26: 4.75 | I26: 0 | J26: =Devis!$D$8 -> 0 | K26: =IF(COUNTIF(A$4:A26,table[[#This Row],[Désignation]])=1,MAX(K$4:K25)+1) -> FALSE | N26: =IFERROR(INDEX(table[Désignation],MATCH(ROW()-4,table[Ordre],0)),"")
A27: MP | B27: Barillet | C27: Aggloméré19 mm | D27: Standart | E27: 3.05 | F27: 1.85 | G27: 1 | H27: 5.72 | I27: 0 | J27: =Devis!$D$8 -> 0 | K27: =IF(COUNTIF(A$4:A27,table[[#This Row],[Désignation]])=1,MAX(K$4:K26)+1) -> FALSE | N27: =IFERROR(INDEX(table[Désignation],MATCH(ROW()-4,table[Ordre],0)),"")
A28: MP | B28: Barillet | C28: Chêne BME | E28: 1 | F28: 1 | G28: 1 | H28: 1250 | I28: 0 | J28: =Devis!$D$8 -> 0 | K28: =IF(COUNTIF(A$4:A28,table[[#This Row],[Désignation]])=1,MAX(K$4:K27)+1) -> FALSE | N28: =IFERROR(INDEX(table[Désignation],MATCH(ROW()-4,table[Ordre],0)),"")
A29: MP | B29: Barillet | C29: CP cintrable 9mm | E29: 2.5 | F29: 1.22 | G29: 1 | H29: 14 | I29: 0 | J29: =Devis!$D$8 -> 0 | K29: =IF(COUNTIF(A$4:A29,table[[#This Row],[Désignation]])=1,MAX(K$4:K28)+1) -> FALSE | N29: =IFERROR(INDEX(table[Désignation],MATCH(ROW()-4,table[Ordre],0)),"")
A30: MP | B30: Barillet | C30: CP hêtre 9 mm | E30: 2.5 | F30: 1.53 | G30: 1 | H30: 25.85 | I30: 0 | J30: =Devis!$D$8 -> 0 | K30: =IF(COUNTIF(A$4:A30,table[[#This Row],[Désignation]])=1,MAX(K$4:K29)+1) -> FALSE | N30: =IFERROR(INDEX(table[Désignation],MATCH(ROW()-4,table[Ordre],0)),"")
A31: MP | B31: Barillet | C31: Contre-balancement | E31: 3.05 | F31: 1.32 | G31: 1 | H31: 3.97 | I31: 0 | J31: =Devis!$D$8 -> 0 | K31: =IF(COUNTIF(A$4:A31,table[[#This Row],[Désignation]])=1,MAX(K$4:K30)+1) -> FALSE | N31: =IFERROR(INDEX(table[Désignation],MATCH(ROW()-4,table[Ordre],0)),"")
A32: MP | B32: Barillet | C32: 3 plis épicéa | D32: 19 mm | E32: 5 | F32: 1.25 | G32: 1 | H32: 17.8 | I32: 0 | J32: =Devis!$D$8 -> 0 | K32: =IF(COUNTIF(A$4:A32,table[[#This Row],[Désignation]])=1,MAX(K$4:K31)+1) -> FALSE | N32: =IFERROR(INDEX(table[Désignation],MATCH(ROW()-4,table[Ordre],0)),"")
A33: MP | B33: Barillet | C33: Sipo Avivé | D33: 54 mm / 3350 | E33: 1 | F33: 1 | G33: 1 | H33: 1210 | I33: 0 | J33: =Devis!$D$8 -> 0 | K33: =IF(COUNTIF(A$4:A33,table[[#This Row],[Désignation]])=1,MAX(K$4:K32)+1) -> FALSE | N33: =IFERROR(INDEX(table[Désignation],MATCH(ROW()-4,table[Ordre],0)),"")
A34: MP | B34: Barillet | C34: Bois d'ossature | D34: 45 x 95 | E34: 5.4 | F34: 1 | G34: 1 | H34: 1.76 | I34: 0 | J34: =Devis!$D$8 -> 0 | K34: =IF(COUNTIF(A$4:A34,table[[#This Row],[Désignation]])=1,MAX(K$4:K33)+1) -> FALSE | N34: =IFERROR(INDEX(table[Désignation],MATCH(ROW()-4,table[Ordre],0)),"")
A35: MP | B35: Barillet | C35: sapin menuiserie | D35: 38 x 200 | E35: 1 | F35: 1 | G35: 1 | H35: 3.58 | I35: 0 | J35: =Devis!$D$8 -> 0 | K35: =IF(COUNTIF(A$4:A35,table[[#This Row],[Désignation]])=1,MAX(K$4:K34)+1) -> FALSE | N35: =IFERROR(INDEX(table[Désignation],MATCH(ROW()-4,table[Ordre],0)),"")
A36: MP | B36: Barillet | C36: Parquet | E36: 1 | F36: 1 | G36: 1 | I36: 0 | J36: =Devis!$D$8 -> 0 | K36: =IF(COUNTIF(A$4:A36,table[[#This Row],[Désignation]])=1,MAX(K$4:K35)+1) -> FALSE | N36: =IFERROR(INDEX(table[Désignation],MATCH(ROW()-4,table[Ordre],0)),"")
A37: MP | B37: Barillet | C37: Colle parquet | E37: 1 | F37: 1 | G37: 1 | I37: 0 | J37: =Devis!$D$8 -> 0 | K37: =IF(COUNTIF(A$4:A37,table[[#This Row],[Désignation]])=1,MAX(K$4:K36)+1) -> FALSE | N37: =IFERROR(INDEX(table[Désignation],MATCH(ROW()-4,table[Ordre],0)),"")
A38: MP | B38: Barillet | C38: H3991 | D38: Mélamine | E38: 2.8 | F38: 2.07 | G38: 1 | H38: 14.7 | I38: 0 | J38: =Devis!$D$8 -> 0 | K38: =IF(COUNTIF(A$4:A38,table[[#This Row],[Désignation]])=1,MAX(K$4:K37)+1) -> FALSE | N38: =IFERROR(INDEX(table[Désignation],MATCH(ROW()-4,table[Ordre],0)),"")
A39: MP | B39: Barillet | C39: H3991 | D39: Stratifié | E39: 2.8 | F39: 1.31 | G39: 1 | H39: 19.7 | I39: 0 | J39: =Devis!$D$8 -> 0 | K39: =IF(COUNTIF(A$4:A39,table[[#This Row],[Désignation]])=1,MAX(K$4:K38)+1) -> FALSE | N39: =IFERROR(INDEX(table[Désignation],MATCH(ROW()-4,table[Ordre],0)),"")
A40: MP | B40: Barillet | C40: CP filmé | D40: 9 mm | E40: 2.5 | F40: 1.25 | G40: 1 | H40: 11.15 | I40: 0 | J40: =Devis!$D$8 -> 0 | K40: =IF(COUNTIF(A$4:A40,table[[#This Row],[Désignation]])=1,MAX(K$4:K39)+1) -> FALSE | N40: =IFERROR(INDEX(table[Désignation],MATCH(ROW()-4,table[Ordre],0)),"")
A41: MP | B41: Barillet | C41: CP filmé | D41: 12 mm | E41: 2.5 | F41: 1.25 | G41: 1 | H41: 12.9 | I41: 0 | J41: =Devis!$D$8 -> 0 | K41: =IF(COUNTIF(A$4:A41,table[[#This Row],[Désignation]])=1,MAX(K$4:K40)+1) -> FALSE | N41: =IFERROR(INDEX(table[Désignation],MATCH(ROW()-4,table[Ordre],0)),"")
A42: MP | B42: Barillet | C42: CP bouleau 21 mm | E42: 3.04 | F42: 1.53 | G42: 1 | H42: 19.22 | I42: 0 | J42: =Devis!$D$8 -> 0 | K42: =IF(COUNTIF(A$4:A42,table[[#This Row],[Désignation]])=1,MAX(K$4:K41)+1) -> FALSE | N42: =IFERROR(INDEX(table[Désignation],MATCH(ROW()-4,table[Ordre],0)),"")
A43: MP | B43: Barillet | C43: CP bouleau 40 mm | E43: 3.04 | F43: 1.53 | G43: 1 | H43: 41 | I43: 0 | J43: =Devis!$D$8 -> 0 | K43: =IF(COUNTIF(A$4:A43,table[[#This Row],[Désignation]])=1,MAX(K$4:K42)+1) -> FALSE | N43: =IFERROR(INDEX(table[Désignation],MATCH(ROW()-4,table[Ordre],0)),"")
A44: MP | B44: Barillet | C44: Compact | D44: basic | E44: 3.07 | F44: 1.32 | G44: 1 | H44: 96.7 | I44: 0 | J44: =Devis!$D$8 -> 0 | K44: =IF(COUNTIF(A$4:A44,table[[#This Row],[Désignation]])=1,MAX(K$4:K43)+1) -> FALSE | N44: =IFERROR(INDEX(table[Désignation],MATCH(ROW()-4,table[Ordre],0)),"")
A45: MP | B45: Barillet | C45: CP chêne | D45: 18 mm | E45: 2.5 | F45: 1.22 | G45: 1 | H45: 32.17 | I45: 0 | J45: =Devis!$D$8 -> 0 | K45: =IF(COUNTIF(A$4:A45,table[[#This Row],[Désignation]])=1,MAX(K$4:K44)+1) -> FALSE | N45: =IFERROR(INDEX(table[Désignation],MATCH(ROW()-4,table[Ordre],0)),"")
A46: MP | B46: Barillet | C46: Cp chêne | D46: 9 mm | E46: 2.5 | F46: 1.24 | G46: 1 | H46: 23.12 | I46: 0 | J46: =Devis!$D$8 -> 0 | K46: =IF(COUNTIF(A$4:A46,table[[#This Row],[Désignation]])=1,MAX(K$4:K45)+1) -> FALSE | N46: =IFERROR(INDEX(table[Désignation],MATCH(ROW()-4,table[Ordre],0)),"")
A47: MP | B47: Barillet | C47: CP peuplier | D47: 18 mm | E47: 2.5 | F47: 1.22 | G47: 1 | H47: 13.8 | I47: 0 | J47: =Devis!$D$8 -> 0 | K47: =IF(COUNTIF(A$4:A47,table[[#This Row],[Désignation]])=1,MAX(K$4:K46)+1) -> FALSE | N47: =IFERROR(INDEX(table[Désignation],MATCH(ROW()-4,table[Ordre],0)),"")
A48: MP | B48: Barillet | C48: 3 plis douglas | D48: 19 mm | E48: 5 | F48: 2.05 | G48: 1 | H48: 26.55 | I48: 0 | J48: =Devis!$D$8 -> 0 | K48: =IF(COUNTIF(A$4:A48,table[[#This Row],[Désignation]])=1,MAX(K$4:K47)+1) -> FALSE | N48: =IFERROR(INDEX(table[Désignation],MATCH(ROW()-4,table[Ordre],0)),"")
A49: MP | B49: Barillet | C49: sapin charpente | D49: 45 x 120 | E49: 5.1 | F49: 1 | G49: 1 | H49: 2.16 | I49: 0 | J49: =Devis!$D$8 -> 0 | K49: =IF(COUNTIF(A$4:A49,table[[#This Row],[Désignation]])=1,MAX(K$4:K48)+1) -> FALSE | N49: =IFERROR(INDEX(table[Désignation],MATCH(ROW()-4,table[Ordre],0)),"")
A50: MP | B50: Barillet | C50: Cp Okoumé int | D50: 18 mm | E50: 2.5 | F50: 1.22 | G50: 1 | H50: 16.25 | I50: 0 | J50: =Devis!$D$8 -> 0 | K50: =IF(COUNTIF(A$4:A50,table[[#This Row],[Désignation]])=1,MAX(K$4:K49)+1) -> FALSE | N50: =IFERROR(INDEX(table[Désignation],MATCH(ROW()-4,table[Ordre],0)),"")
A51: MP | B51: Barillet | C51: Sapin rouge | D51: planche | E51: 1 | F51: 5.4 | G51: 1 | H51: 4.16 | I51: 0 | J51: =Devis!$D$8 -> 0 | K51: =IF(COUNTIF(A$4:A51,table[[#This Row],[Désignation]])=1,MAX(K$4:K50)+1) -> FALSE | N51: =IFERROR(INDEX(table[Désignation],MATCH(ROW()-4,table[Ordre],0)),"")
A52: MP | B52: Barillet | C52: CP | D52: 5mm | E52: 3.1 | F52: 1.53 | G52: 1 | H52: 7 | I52: 0 | J52: =Devis!$D$8 -> 0 | K52: =IF(COUNTIF(A$4:A52,table[[#This Row],[Désignation]])=1,MAX(K$4:K51)+1) -> FALSE | N52: =IFERROR(INDEX(table[Désignation],MATCH(ROW()-4,table[Ordre],0)),"")
A53: MP | B53: Barillet | C53: Cp Okoumé int | E53: 2.5 | F53: 1.22 | G53: 1 | I53: 0 | J53: =Devis!$D$8 -> 0 | K53: =IF(COUNTIF(A$4:A53,table[[#This Row],[Désignation]])=1,MAX(K$4:K52)+1) -> FALSE | N53: =IFERROR(INDEX(table[Désignation],MATCH(ROW()-4,table[Ordre],0)),"")
A54: QU | B54: Berner | C54: Colle MS | D54: 55451 | E54: 1 | F54: 1 | G54: 1 | H54: 7.99 | I54: 0 | J54: =Devis!$D$8 -> 0 | K54: =IF(COUNTIF(A$4:A54,table[[#This Row],[Désignation]])=1,MAX(K$4:K53)+1) -> FALSE | N54: =IFERROR(INDEX(table[Désignation],MATCH(ROW()-4,table[Ordre],0)),"")
A55: QU | B55: Berner | C55: colle néoprène | E55: 1 | F55: 1 | G55: 1 | H55: 1.6 | I55: 0 | J55: =Devis!$D$8 -> 0 | K55: =IF(COUNTIF(A$4:A55,table[[#This Row],[Désignation]])=1,MAX(K$4:K54)+1) -> FALSE | N55: =IFERROR(INDEX(table[Désignation],MATCH(ROW()-4,table[Ordre],0)),"")
A56: QU | B56: Berner | C56: Forfait visserie | D56: Vis | E56: 1 | F56: 1 | G56: 1 | H56: 15 | I56: 0 | J56: =Devis!$D$8 -> 0 | K56: =IF(COUNTIF(A$4:A56,table[[#This Row],[Désignation]])=1,MAX(K$4:K55)+1) -> FALSE | N56: =IFERROR(INDEX(table[Désignation],MATCH(ROW()-4,table[Ordre],0)),"")
A57: EM | B57: Berner | C57: clé allen | E57: 1 | F57: 1 | G57: 1 | H57: 0.41 | I57: 0 | J57: =Devis!$D$8 -> 0 | K57: =IF(COUNTIF(A$4:A57,table[[#This Row],[Désignation]])=1,MAX(K$4:K56)+1) -> 3 | N57: =IFERROR(INDEX(table[Désignation],MATCH(ROW()-4,table[Ordre],0)),"")
A58: QU | B58: Berner | C58: Vis TBHC 8*50 | D58: 31797 | E58: 1 | F58: 1 | G58: 1 | H58: 7.24 | I58: 0 | J58: =Devis!$D$8 -> 0 | K58: =IF(COUNTIF(A$4:A58,table[[#This Row],[Désignation]])=1,MAX(K$4:K57)+1) -> FALSE | N58: =IFERROR(INDEX(table[Désignation],MATCH(ROW()-4,table[Ordre],0)),"")
A59: QU | B59: Berner | C59: Rivet 4 x12 noir | D59: 22902 | E59: 1 | F59: 1 | G59: 1 | H59: 77.85 | I59: 0 | J59: =Devis!$D$8 -> 0 | K59: =IF(COUNTIF(A$4:A59,table[[#This Row],[Désignation]])=1,MAX(K$4:K58)+1) -> FALSE | N59: =IFERROR(INDEX(table[Désignation],MATCH(ROW()-4,table[Ordre],0)),"")
A60: QU | B60: Berner | C60: Boulon 4 x 12 | D60: 999996 | E60: 1 | F60: 1 | G60: 1 | H60: 18.28 | I60: 0 | J60: =Devis!$D$8 -> 0 | K60: =IF(COUNTIF(A$4:A60,table[[#This Row],[Désignation]])=1,MAX(K$4:K59)+1) -> FALSE | N60: =IFERROR(INDEX(table[Désignation],MATCH(ROW()-4,table[Ordre],0)),"")
A61: QU | B61: Berner | C61: Ecrou 4 | D61: 4332 | E61: 1 | F61: 1 | G61: 1 | H61: 3.85 | I61: 0 | J61: =Devis!$D$8 -> 0 | K61: =IF(COUNTIF(A$4:A61,table[[#This Row],[Désignation]])=1,MAX(K$4:K60)+1) -> FALSE | N61: =IFERROR(INDEX(table[Désignation],MATCH(ROW()-4,table[Ordre],0)),"")
A62: QU | B62: Berner | C62: Sintobois | E62: 1 | F62: 1 | G62: 1 | H62: 38.33 | I62: 0 | J62: =Devis!$D$8 -> 0 | K62: =IF(COUNTIF(A$4:A62,table[[#This Row],[Désignation]])=1,MAX(K$4:K61)+1) -> FALSE | N62: =IFERROR(INDEX(table[Désignation],MATCH(ROW()-4,table[Ordre],0)),"")
A63: QU | B63: Berner | C63: Kit placard | E63: 1 | F63: 1 | G63: 1 | H63: 229 | I63: 0 | J63: =Devis!$D$8 -> 0 | K63: =IF(COUNTIF(A$4:A63,table[[#This Row],[Désignation]])=1,MAX(K$4:K62)+1) -> FALSE | N63: =IFERROR(INDEX(table[Désignation],MATCH(ROW()-4,table[Ordre],0)),"")
A64: MO | B64: Blomkal | C64: BE caché | D64: Normal | E64: 1 | F64: 1 | G64: 1 | H64: 55 | I64: 0 | J64: =Devis!$D$8 -> 0 | K64: =IF(COUNTIF(A$4:A64,table[[#This Row],[Désignation]])=1,MAX(K$4:K63)+1) -> 4 | N64: =IFERROR(INDEX(table[Désignation],MATCH(ROW()-4,table[Ordre],0)),"")
A65: MO | B65: Blomkal | C65: BE | D65: Normal | E65: 1 | F65: 1 | G65: 1 | H65: =Devis!$Q$3 -> 0 | I65: 0 | J65: =Devis!$D$8 -> 0 | K65: =IF(COUNTIF(A$4:A65,table[[#This Row],[Désignation]])=1,MAX(K$4:K64)+1) -> FALSE | N65: =IFERROR(INDEX(table[Désignation],MATCH(ROW()-4,table[Ordre],0)),"")
A66: MO | B66: Blomkal | C66: Mise à plat | D66: Normal | E66: 1 | F66: 1 | G66: 1 | H66: =Devis!$Q$4 -> 0 | I66: 0 | J66: =Devis!$D$8 -> 0 | K66: =IF(COUNTIF(A$4:A66,table[[#This Row],[Désignation]])=1,MAX(K$4:K65)+1) -> FALSE | N66: =IFERROR(INDEX(table[Désignation],MATCH(ROW()-4,table[Ordre],0)),"")
A67: MO | B67: Blomkal | C67: programmation | D67: Normal | E67: 1 | F67: 1 | G67: 1 | H67: =Devis!$Q$5 -> 0 | I67: 0 | J67: =Devis!$D$8 -> 0 | K67: =IF(COUNTIF(A$4:A67,table[[#This Row],[Désignation]])=1,MAX(K$4:K66)+1) -> FALSE | N67: =IFERROR(INDEX(table[Désignation],MATCH(ROW()-4,table[Ordre],0)),"")
A68: MO | B68: Blomkal | C68: collage | D68: Normal | E68: 1 | F68: 1 | G68: 1 | H68: =Devis!$L$2 -> 60 | I68: 0 | J68: =Devis!$D$8 -> 0 | K68: =IF(COUNTIF(A$4:A68,table[[#This Row],[Désignation]])=1,MAX(K$4:K67)+1) -> FALSE | N68: =IFERROR(INDEX(table[Désignation],MATCH(ROW()-4,table[Ordre],0)),"")
A69: MO | B69: Blomkal | C69: usinage | D69: Normal | E69: 1 | F69: 1 | G69: 1 | H69: =Devis!$L$3 -> 80 | I69: 0 | J69: =Devis!$D$8 -> 0 | K69: =IF(COUNTIF(A$4:A69,table[[#This Row],[Désignation]])=1,MAX(K$4:K68)+1) -> FALSE | N69: =IFERROR(INDEX(table[Désignation],MATCH(ROW()-4,table[Ordre],0)),"")
A70: MO | B70: Blomkal | C70: montage | D70: Normal | E70: 1 | F70: 1 | G70: 1 | H70: =Devis!$L$4 -> 60 | I70: 0 | J70: =Devis!$D$8 -> 0 | K70: =IF(COUNTIF(A$4:A70,table[[#This Row],[Désignation]])=1,MAX(K$4:K69)+1) -> FALSE | N70: =IFERROR(INDEX(table[Désignation],MATCH(ROW()-4,table[Ordre],0)),"")
A71: MO | B71: Blomkal | C71: couche 1 | D71: Normal | E71: 1 | F71: 1 | G71: 1 | H71: =Devis!$L$5 -> 60 | I71: 0 | J71: =Devis!$D$8 -> 0 | K71: =IF(COUNTIF(A$4:A71,table[[#This Row],[Désignation]])=1,MAX(K$4:K70)+1) -> FALSE | N71: =IFERROR(INDEX(table[Désignation],MATCH(ROW()-4,table[Ordre],0)),"")
A72: MO | B72: Blomkal | C72: couche 2 | D72: Normal | E72: 1 | F72: 1 | G72: 1 | H72: =Devis!$L$5 -> 60 | I72: 0 | J72: =Devis!$D$8 -> 0 | K72: =IF(COUNTIF(A$4:A72,table[[#This Row],[Désignation]])=1,MAX(K$4:K71)+1) -> FALSE | N72: =IFERROR(INDEX(table[Désignation],MATCH(ROW()-4,table[Ordre],0)),"")
A73: MO | B73: Blomkal | C73: couche 3 | D73: Normal | E73: 1 | F73: 1 | G73: 1 | H73: =Devis!$L$5 -> 60 | I73: 0 | J73: =Devis!$D$8 -> 0 | K73: =IF(COUNTIF(A$4:A73,table[[#This Row],[Désignation]])=1,MAX(K$4:K72)+1) -> FALSE | N73: =IFERROR(INDEX(table[Désignation],MATCH(ROW()-4,table[Ordre],0)),"")
A74: MO | B74: Blomkal | C74: couche 4 | D74: Normal | E74: 1 | F74: 1 | G74: 1 | H74: =Devis!$L$5 -> 60 | I74: 0 | J74: =Devis!$D$8 -> 0 | K74: =IF(COUNTIF(A$4:A74,table[[#This Row],[Désignation]])=1,MAX(K$4:K73)+1) -> FALSE | N74: =IFERROR(INDEX(table[Désignation],MATCH(ROW()-4,table[Ordre],0)),"")
A75: MO | B75: Blomkal | C75: re-montage | D75: Normal | E75: 1 | F75: 1 | G75: 1 | H75: =Devis!$L$6 -> 60 | I75: 0 | J75: =Devis!$D$8 -> 0 | K75: =IF(COUNTIF(A$4:A75,table[[#This Row],[Désignation]])=1,MAX(K$4:K74)+1) -> FALSE | N75: =IFERROR(INDEX(table[Désignation],MATCH(ROW()-4,table[Ordre],0)),"")
A76: MO | B76: Blomkal | C76: emballage | D76: Normal | E76: 1 | F76: 1 | G76: 1 | H76: =Devis!$L$7 -> 30 | I76: 0 | J76: =Devis!$D$8 -> 0 | K76: =IF(COUNTIF(A$4:A76,table[[#This Row],[Désignation]])=1,MAX(K$4:K75)+1) -> FALSE | N76: =IFERROR(INDEX(table[Désignation],MATCH(ROW()-4,table[Ordre],0)),"")
A77: MO | B77: Blomkal | C77: pose 1 | D77: Normal | E77: 1 | F77: 1 | G77: 1 | H77: =Devis!$Q$7 -> 60 | I77: 0 | J77: =Devis!$D$8 -> 0 | K77: =IF(COUNTIF(A$4:A77,table[[#This Row],[Désignation]])=1,MAX(K$4:K76)+1) -> FALSE | N77: =IFERROR(INDEX(table[Désignation],MATCH(ROW()-4,table[Ordre],0)),"")
A78: MO | B78: Blomkal | C78: pose 2 | D78: Normal | E78: 1 | F78: 1 | G78: 1 | H78: =Devis!$Q$8 -> 60 | I78: 0 | J78: =Devis!$D$8 -> 0 | K78: =IF(COUNTIF(A$4:A78,table[[#This Row],[Désignation]])=1,MAX(K$4:K77)+1) -> FALSE | N78: =IFERROR(INDEX(table[Désignation],MATCH(ROW()-4,table[Ordre],0)),"")
A79: MO | B79: Blomkal | C79: Essence | D79: Minoré | E79: 1 | F79: 1 | G79: 1 | H79: 0 | I79: 0 | J79: =Devis!$D$8 -> 0 | K79: =IF(COUNTIF(A$4:A79,table[[#This Row],[Désignation]])=1,MAX(K$4:K78)+1) -> FALSE | N79: =IFERROR(INDEX(table[Désignation],MATCH(ROW()-4,table[Ordre],0)),"")
A80: MO | B80: Blomkal | C80: Hotel | D80: Minoré | E80: 1 | F80: 1 | G80: 1 | H80: 75 | I80: 0 | J80: =Devis!$D$8 -> 0 | K80: =IF(COUNTIF(A$4:A80,table[[#This Row],[Désignation]])=1,MAX(K$4:K79)+1) -> FALSE | N80: =IFERROR(INDEX(table[Désignation],MATCH(ROW()-4,table[Ordre],0)),"")
A81: MO | B81: Blomkal | C81: Repas | D81: Minoré | E81: 1 | F81: 1 | G81: 1 | H81: 17 | I81: 0 | J81: =Devis!$D$8 -> 0 | K81: =IF(COUNTIF(A$4:A81,table[[#This Row],[Désignation]])=1,MAX(K$4:K80)+1) -> FALSE | N81: =IFERROR(INDEX(table[Désignation],MATCH(ROW()-4,table[Ordre],0)),"")
A82: FO | B82: Blomkal | C82: Colette | D82: XL | E82: 1 | F82: 1 | G82: 1 | H82: 291.66 | I82: 0 | J82: =Devis!$D$8 -> 0 | K82: =IF(COUNTIF(A$4:A82,table[[#This Row],[Désignation]])=1,MAX(K$4:K81)+1) -> 5 | N82: =IFERROR(INDEX(table[Désignation],MATCH(ROW()-4,table[Ordre],0)),"")
A83: FO | B83: Blomkal | C83: Pied compas | D83: L | E83: 1 | F83: 1 | G83: 1 | H83: 70 | I83: 0 | J83: =Devis!$D$8 -> 0 | K83: =IF(COUNTIF(A$4:A83,table[[#This Row],[Désignation]])=1,MAX(K$4:K82)+1) -> FALSE | N83: =IFERROR(INDEX(table[Désignation],MATCH(ROW()-4,table[Ordre],0)),"")
A84: FO | B84: Blomkal | C84: Pied tourné | D84: L | E84: 1 | F84: 1 | G84: 1 | I84: 0 | J84: =Devis!$D$8 -> 0 | K84: =IF(COUNTIF(A$4:A84,table[[#This Row],[Désignation]])=1,MAX(K$4:K83)+1) -> FALSE | N84: =IFERROR(INDEX(table[Désignation],MATCH(ROW()-4,table[Ordre],0)),"")
A85: FO | B85: Blomkal | C85: Tray | E85: 1 | F85: 1 | G85: 1 | H85: ??b | I85: 0 | J85: =Devis!$D$8 -> 0 | K85: =IF(COUNTIF(A$4:A85,table[[#This Row],[Désignation]])=1,MAX(K$4:K84)+1) -> FALSE | N85: =IFERROR(INDEX(table[Désignation],MATCH(ROW()-4,table[Ordre],0)),"")
A86: FO | B86: Blomkal | C86: Miroir Normand | E86: 1 | F86: 1 | G86: 1 | H86: 41.58 | I86: 0 | J86: =Devis!$D$8 -> 0 | K86: =IF(COUNTIF(A$4:A86,table[[#This Row],[Désignation]])=1,MAX(K$4:K85)+1) -> FALSE | N86: =IFERROR(INDEX(table[Désignation],MATCH(ROW()-4,table[Ordre],0)),"")
A87: FO | B87: Blomkal | C87: Miroir André | E87: 1 | F87: 1 | G87: 1 | H87: 200 | I87: 0 | J87: =Devis!$D$8 -> 0 | K87: =IF(COUNTIF(A$4:A87,table[[#This Row],[Désignation]])=1,MAX(K$4:K86)+1) -> FALSE | N87: =IFERROR(INDEX(table[Désignation],MATCH(ROW()-4,table[Ordre],0)),"")
A88: FO | B88: Blomkal | C88: Rail Rose | E88: 1 | F88: 1 | G88: 1 | H88: 57.83 | I88: 0 | J88: =Devis!$D$8 -> 0 | K88: =IF(COUNTIF(A$4:A88,table[[#This Row],[Désignation]])=1,MAX(K$4:K87)+1) -> FALSE | N88: =IFERROR(INDEX(table[Désignation],MATCH(ROW()-4,table[Ordre],0)),"")
A89: FO | B89: Blomkal | C89: Apoline | E89: 1 | F89: 1 | G89: 1 | H89: 55.87 | I89: 0 | J89: =Devis!$D$8 -> 0 | K89: =IF(COUNTIF(A$4:A89,table[[#This Row],[Désignation]])=1,MAX(K$4:K88)+1) -> FALSE | N89: =IFERROR(INDEX(table[Désignation],MATCH(ROW()-4,table[Ordre],0)),"")
A90: FO | B90: Blomkal | C90: Patère | E90: 1 | F90: 1 | G90: 1 | H90: 24.16 | I90: 0 | J90: =Devis!$D$8 -> 0 | K90: =IF(COUNTIF(A$4:A90,table[[#This Row],[Désignation]])=1,MAX(K$4:K89)+1) -> FALSE | N90: =IFERROR(INDEX(table[Désignation],MATCH(ROW()-4,table[Ordre],0)),"")
A91: MO | B91: Blomkal | C91: Bastien | E91: 1 | F91: 1 | G91: 1 | H91: 1500 | I91: 0 | J91: =Devis!$D$8 -> 0 | K91: =IF(COUNTIF(A$4:A91,table[[#This Row],[Désignation]])=1,MAX(K$4:K90)+1) -> FALSE | N91: =IFERROR(INDEX(table[Désignation],MATCH(ROW()-4,table[Ordre],0)),"")
A92: QU | B92: Blum | C92: Charnière porte applique | D92: 216468 | E92: 1 | F92: 1 | G92: 1 | H92: 2.18 | I92: 0 | J92: =Devis!$D$8 -> 0 | K92: =IF(COUNTIF(A$4:A92,table[[#This Row],[Désignation]])=1,MAX(K$4:K91)+1) -> FALSE | N92: =IFERROR(INDEX(table[Désignation],MATCH(ROW()-4,table[Ordre],0)),"")
A93: QU | B93: Blum | C93: Embase droite | D93: 247957 | E93: 1 | F93: 1 | G93: 1 | H93: 0.35 | I93: 0 | J93: =Devis!$D$8 -> 0 | K93: =IF(COUNTIF(A$4:A93,table[[#This Row],[Désignation]])=1,MAX(K$4:K92)+1) -> FALSE | N93: =IFERROR(INDEX(table[Désignation],MATCH(ROW()-4,table[Ordre],0)),"")
A94: QU | B94: Blum | C94: Charnière porte rentrante | D94: 216468 | E94: 1 | F94: 1 | G94: 1 | H94: 2.18 | I94: 0 | J94: =Devis!$D$8 -> 0 | K94: =IF(COUNTIF(A$4:A94,table[[#This Row],[Désignation]])=1,MAX(K$4:K93)+1) -> FALSE | N94: =IFERROR(INDEX(table[Désignation],MATCH(ROW()-4,table[Ordre],0)),"")
A95: QU | B95: Blum | C95: Boitier pousse lache | D95: 226779 | E95: 1 | F95: 1 | G95: 1 | H95: 0.69 | I95: 0 | J95: =Devis!$D$8 -> 0 | K95: =IF(COUNTIF(A$4:A95,table[[#This Row],[Désignation]])=1,MAX(K$4:K94)+1) -> FALSE | N95: =IFERROR(INDEX(table[Désignation],MATCH(ROW()-4,table[Ordre],0)),"")
A96: QU | B96: Blum | C96: pousse lache | D96: 226702 | E96: 1 | F96: 1 | G96: 1 | H96: 2.8 | I96: 0 | J96: =Devis!$D$8 -> 0 | K96: =IF(COUNTIF(A$4:A96,table[[#This Row],[Désignation]])=1,MAX(K$4:K95)+1) -> FALSE | N96: =IFERROR(INDEX(table[Désignation],MATCH(ROW()-4,table[Ordre],0)),"")
A97: QU | B97: Blum | C97: Tiroir legrabox moyenne | E97: 1 | F97: 1 | G97: 1 | H97: 80 | I97: 0 | J97: =Devis!$D$8 -> 0 | K97: =IF(COUNTIF(A$4:A97,table[[#This Row],[Désignation]])=1,MAX(K$4:K96)+1) -> FALSE | N97: =IFERROR(INDEX(table[Désignation],MATCH(ROW()-4,table[Ordre],0)),"")
A98: QU | B98: Blum | C98: Calle d'angle +-5 | D98: 213738 | E98: 1 | F98: 1 | G98: 1 | H98: 0.43 | I98: 0 | J98: =Devis!$D$8 -> 0 | K98: =IF(COUNTIF(A$4:A98,table[[#This Row],[Désignation]])=1,MAX(K$4:K97)+1) -> FALSE | N98: =IFERROR(INDEX(table[Désignation],MATCH(ROW()-4,table[Ordre],0)),"")
A99: QU | B99: Blum | C99: Charnière -45° | D99: 213738 | E99: 1 | F99: 1 | G99: 1 | H99: 4.89 | I99: 0 | J99: =Devis!$D$8 -> 0 | K99: =IF(COUNTIF(A$4:A99,table[[#This Row],[Désignation]])=1,MAX(K$4:K98)+1) -> FALSE | N99: =IFERROR(INDEX(table[Désignation],MATCH(ROW()-4,table[Ordre],0)),"")
A100: QU | B100: Blum | C100: Embase en croix | D100: 213857 | E100: 1 | F100: 1 | G100: 1 | H100: 0.36 | I100: 0 | J100: =Devis!$D$8 -> 0 | K100: =IF(COUNTIF(A$4:A100,table[[#This Row],[Désignation]])=1,MAX(K$4:K99)+1) -> FALSE | N100: =IFERROR(INDEX(table[Désignation],MATCH(ROW()-4,table[Ordre],0)),"")
A101: QU | B101: Blum | C101: Aventos HF standard | D101: 241167 | E101: 1 | F101: 1 | G101: 1 | H101: 88.69 | I101: 0 | J101: =Devis!$D$8 -> 0 | K101: =IF(COUNTIF(A$4:A101,table[[#This Row],[Désignation]])=1,MAX(K$4:K100)+1) -> FALSE | N101: =IFERROR(INDEX(table[Désignation],MATCH(ROW()-4,table[Ordre],0)),"")
A102: QU | B102: Blum | C102: Charnière porte applique | D102: Noir | E102: 1 | F102: 1 | G102: 1 | H102: 2.57 | I102: 0 | J102: =Devis!$D$8 -> 0 | K102: =IF(COUNTIF(A$4:A102,table[[#This Row],[Désignation]])=1,MAX(K$4:K101)+1) -> FALSE | N102: =IFERROR(INDEX(table[Désignation],MATCH(ROW()-4,table[Ordre],0)),"")
...
